 Dungeon Crawl Stone Soup version 0.27.1-15-g792fb953b9 (webtiles) character file.

Game seed: 4951267481156424630

74 spaced the Sneak (level 4, -1/27 HPs)
             Began as a Vampire Enchanter on Nov 19, 2021.
             Was a Believer of Dithmenos.
             Killed from afar by an orc wizard (6 damage)
             ... with a magic dart
             ... on level 3 of the Dungeon.
             The game lasted 00:14:50 (2141 turns).

spaced the Sneak (Vampire Enchanter)                Turns: 2141, Time: 00:14:50

Health: -1/27      AC:  2    Str:  7    XL:     4   Next: 10%
Magic:  2/7        EV: 12    Int: 24    God:    Dithmenos [**....]
Gold:   63         SH:  0    Dex: 14    Spells: 4/8 levels left

rFire    . . .     SeeInvis +   a - +1 dagger
rCold    . . .     Faith    .   (no shield)
rNeg     . . .     Spirit   .   b - +0 robe
rPois    .         Reflect  .   (no helmet)
rElec    .         Harm     .   (no cloak)
rCorr    .         Rampage  .   (no gloves)
Will     .....                  (no boots)
Stlth    ++++......             (no amulet)
HPRegen  0.29/turn              g - +6 ring of intelligence
MPRegen  0.10/turn              (no ring)

@: flying, healing quickly, wreathed by umbra
A: alive, fangs 3, see invisible, vampiric 2, [frail 1]
a: Exsanguinate, Renounce Religion, Shadow Step


You were on level 3 of the Dungeon.
You worshipped Dithmenos.
Dithmenos was pleased with you.
You visited 1 branch of the dungeon, and saw 3 of its levels.

You collected 63 gold pieces.

Inventory:

Hand Weapons
 a - a +1 dagger (weapon)
 k - a +0 rapier
 n - a +0 mace
Missiles
 e - 17 poisoned darts
Armour
 b - a +0 robe (worn)
Jewellery
 g - a +6 ring of intelligence (left hand)
Scrolls
 c - a scroll of brand weapon {unknown}
 d - a scroll of summoning {unknown}
 f - a scroll of immolation
 h - a scroll of enchant armour {unknown}
 j - a scroll of fog {unknown}
 m - a scroll of teleportation {unknown}
Potions
 l - a potion of curing {unknown}


   Skills:
 + Level 0.3 Fighting
 + Level 1.3 Short Blades
 + Level 2.4 Dodging
 + Level 5.7 Stealth
 + Level 2.5 Spellcasting
 + Level 5.2 Hexes
 + Level 0.3 Ice Magic


You had 4 spell levels left.
You knew the following spells:

 Your Spells              Type           Power      Damage    Failure   Level
a - Corona                Hex            31%        N/A       1%          1
b - Magic Dart            Conj           12%        1d3       12%         1
c - Ensorcelled Hibernat  Hex/Ice        32%        N/A       5%          2

Your spell library contained the following spells:

 Spells                   Type           Power      Damage    Failure   Level
 Confusing Touch          Hex            28%        N/A       4%          3
 Tukima's Dance           Hex            28%        N/A       4%          3
 Dazzling Flash           Conj/Hex       30%        N/A       12%         3
 Call Imp                 Summ           3%         N/A       17%         2
 Mephitic Cloud           Conj/Pois/Air  3%         N/A       34%         3


Dungeon Overview and Level Annotations

Branches:
Dungeon (3/15)

Altars:
Dithmenos

Annotations:
D:3 1 transporter


Innate Abilities, Weirdness & Mutations

Your natural rate of healing is accelerated.
You have razor-sharp teeth.
You have supernaturally acute eyesight. (SInv)
You are afflicted with vampirism and can become a bat while bloodless.
[You are frail. (-10% HP)]


Message History

Press: ? - help, Shift-Dir - straight line, f/p - orc wizard
Aim: an orc wizard, wielding a +0 dagger and wearing a +0 robe (lightly wounded, slightly transparent, umbra, chance to affect: 68%)
The orc wizard struggles to resist.
The orc wizard hits you with a +0 dagger.
Casting: Corona (safe; 1% risk of failure)
Confirm with . or Enter, or press ? or * to list all spells.
Aiming: Corona (safe; 1% risk of failure)
Press: ? - help, Shift-Dir - straight line, f/p - orc wizard
Aim: an orc wizard, wielding a +0 dagger and wearing a +0 robe (lightly wounded, slightly transparent, umbra, chance to affect: 68%)
The orc wizard is outlined in light.
The orc wizard hits you with a +0 dagger.
You hit the orc wizard.
The orc wizard is moderately wounded.
The orc wizard hits you but does no damage.
You hit the orc wizard but do no damage.
The orc wizard is moderately wounded.
The orc wizard closely misses you.
You hit the orc wizard but do no damage.
The orc wizard is moderately wounded.
The orc wizard hits you but does no damage.
You hit the orc wizard.
The orc wizard is moderately wounded.
The orc wizard hits you but does no damage.
You barely miss the orc wizard.
The orc wizard is moderately wounded.
You hit the orc wizard. You bite the orc wizard.
The orc wizard is heavily wounded.
The orc wizard gestures at you while chanting.
The puff of flame hits you!
* * * LOW HITPOINT WARNING * * *
You completely miss the orc wizard.
The orc wizard is heavily wounded.
The orc wizard hits you with a +0 dagger.
* * * LOW HITPOINT WARNING * * *
You feel very buoyant.
You fly up into the air.
The orc wizard barely misses you.
The orc wizard stops glowing.
The orc wizard casts a spell at you. The magic dart hits you.
You die...

###.##.......# #######
..#.##.......# #.....##
.##.######.######'###..##########
...........###......##...........
.#.#########.........######..##.#
.........##...........#.......#
####.##..#.......o....###..#..###
####.##.##...≈≈≈.≈....'..........
...#.##.#....≈..@≈....#.##.......
##.#.##.#....≈[..≈....#.###..)...
##...##.#....≈...≈....#.# #.$####
.....##.'....≈.≈≈≈...##.. ##.....
##...##.#............##... #oo###
.#.).##.#......(....###... #oo#8P
.#...##.##.........##..... ...#≈.
.#...##..##......###.##.. ...###
.#...##..<###'####....#.# ...#5≈


You could see an orc wizard (invisible).

Vanquished Creatures
  3 adders (D:3)
  4 orcs
  3 ball pythons
  4 bats
  2 endoplasms (D:3)
  5 giant cockroaches
  5 goblins
  4 hobgoblins
  2 kobolds (D:3)
  A quokka (D:1)
  5 frilled lizards
  3 rats
41 creatures vanquished.

Notes
Turn   | Place    | Note
-------+----------+-------------------------------------------
     0 | D:1      | spaced the Vampire Enchanter began the quest for the Orb.
     0 | D:1      | Reached XP level 1. HP: 13/13 MP: 3/3
    20 | D:1      | Found a faded altar of an unknown god.
   105 | D:1      | Became a worshipper of Dithmenos the Shadowed
   105 | D:1      | Reached * piety under Dithmenos
   194 | D:1      | Learned a level 1 spell: Magic Dart
   309 | D:1      | Reached XP level 2. HP: 19/19 MP: 1/5
   313 | D:1      | Learned a level 2 spell: Ensorcelled Hibernation
   537 | D:2      | Reached skill level 5 in Hexes
  1574 | D:3      | Gained mutation: You are afflicted with vampirism and can
                  | become a bat while bloodless. [Vampire growth]
  1574 | D:3      | Reached XP level 3. HP: 15/19 MP: 6/6
  1581 | D:3      | Reached ** piety under Dithmenos
  1582 | D:3      | Reached skill level 5 in Stealth
  1906 | D:3      | Found a transporter.
  1915 | D:3      | Reached XP level 4. HP: 22/24 MP: 4/7
  2141 | D:3      | Killed from afar by an orc wizard

Illustrated notes

Levels and vault maps discovered:
D:1:      minmay_arrival_diagonal_passages, layout_rooms,
          hellmonk_ecumenical_altar_pennies_from_heaven
D:2:      layout_loops_ring, serial_forest, infiniplex_forest_end_double,
          infiniplex_forest_straight_3, infiniplex_forest_diagonal,
          infiniplex_forest_end_1, infiniplex_forest_corner_1
D:3:      gammafunk_wand_slinger, layout_basic, kennysheep_potato

Skill      XL: |  1  2  3 |
---------------+----------+-----
Hexes          | 5 |  5.2
Stealth        | 5 |  5.7
Fighting       | |  0.3
Short Blades   | |  1.3
Dodging        | |  2.4
Spellcasting   | |  2.5
Ice Magic      | |  0.3

Action                   |  1- 3 |  4- 6 || total
-------------------------+-------+-------++-------
Melee: Dagger            |    76 |    25 ||   101
       Bite              |     6 |     3 ||     9
 Cast: Corona            |     6 |     2 ||     8
       Magic Dart        |     6 |       ||     6
       Ensorcelled Hiber |    15 |     9 ||    24
 Abil: Exsanguinate      |     1 |       ||     1
       Revivify          |       |     1 ||     1
  Use: Scroll            |     3 |       ||     3
       Potion            |       |     2 ||     2
 Stab: Sleeping          |    23 |     3 ||    26
Armor: Robe              |     6 |     5 ||    11
Dodge: Dodged            |    44 |    32 ||    76
